 Dungeon Crawl Stone Soup version 0.29.1-1-gd02db6906a (webtiles) character file.

Game seed: 7407773625558237393

21193 Icepheonix32 the Fighter (level 12, 0/116 HPs)
             Began as a Minotaur Fighter on Oct 14, 2022.
             Was an Elder of Okawaru.
             Killed from afar by a deep elf pyromancer (43 damage)
             ... with a bolt of fire
             ... on level 11 of the Dungeon on Oct 16, 2022.
             The game lasted 00:30:28 (13788 turns).

Icepheonix32 the Fighter (Minotaur Fighter)        Turns: 13788, Time: 00:30:28

Health: 0/116      AC: 21    Str: 31    XL:     12   Next: 52%
Magic:  11/11      EV: 12    Int: 10    God:    Okawaru [****..]
Gold:   150        SH:  6    Dex: 12    Spells: 11/11 levels left

rFire   . . .      SeeInvis .   y - +5 hammer "Lifebane" {elec, Will+ Int+3}
rCold   . . .      Faith    .   c - +0 buckler
rNeg    . . .      Spirit   .   m - +5 scale mail {rPois}
rPois   +          Reflect  .   (helmet restricted)
rElec   +          Harm     .   z - +1 cloak
rCorr   .          Rampage  .   a - +0 pair of gloves {Str+3}
Will    +....                   (no boots)
Stlth   ..........              o - amulet "Kaycotom" {Regen+ Slay+3}
HPRegen 1.09/turn               v - +6 ring of strength
MPRegen 0.12/turn               M - +4 ring of protection

@: no status effects
A: horns 2, retaliatory headbutt, electricity resistance
a: Renounce Religion, Heroism, Finesse


You were on level 11 of the Dungeon.
You worshipped Okawaru.
Okawaru was greatly pleased with you.
You visited 3 branches of the dungeon, and saw 14 of its levels.

You collected 1443 gold pieces.
You spent 1293 gold pieces at shops.

Inventory:

Hand Weapons
 l - a +5 flail
 r - a +5 falchion
 w - the +5 hammer of Othrakonn {flame, rPois rC+ rN+}
   (You found it on level 6 of the Dungeon)

   It burns those it strikes, dealing additional fire damage.
   rC:        It protects you from cold.
   rPois:     It protects you from poison.
   rN:        It protects you from negative energy.
 x - a +2 hammer of protection
 y - the +5 hammer "Lifebane" (weapon) {elec, Will+ Int+3}
   (You found it on level 6 of the Dungeon)

   It occasionally discharges a powerful burst of electricity upon striking a
   foe.
   Int:       It affects your intelligence (+3).
   Will:      It increases your willpower.
 E - the +7 dagger of Dim Light {drain, Int+7}
   (You found it on level 7 of the Dungeon)

   A truly terrible weapon, it drains the life of any living foe it strikes.
   Int:       It affects your intelligence (+7).
Missiles
 e - 5 curare-tipped darts (quivered)
 j - 2 datura-tipped darts
 n - a throwing net
 u - 7 boomerangs
 D - 41 poisoned darts
 U - 3 silver boomerangs
Armour
 a - a +0 pair of gloves of strength (worn)
 c - a +0 buckler (worn)
 m - a +5 scale mail of poison resistance (worn)
 z - a +1 cloak (worn)
 B - a +3 chain mail
 F - +0 steam dragon scales
 J - an orb of energy
Jewellery
 o - the amulet "Kaycotom" (around neck) {Regen+ Slay+3}
   (You bought it in a shop on level 2 of the Orcish Mines)

   [amulet of regeneration]

   Slay:      It affects your accuracy & damage with ranged weapons and melee
   (+3).
   Regen:     It increases your rate of health regeneration.
 v - a +6 ring of strength (left hand)
 A - a ring of see invisible
 M - a +4 ring of protection (right hand)
 P - a ring of magical power
 Q - a +4 ring of protection
 S - a +4 ring of evasion
Wands
 d - a wand of quicksilver (10)
 g - a wand of mindburst (6)
 p - a wand of iceblast (13)
 N - a wand of polymorph (5)
 O - a wand of paralysis (7)
Scrolls
 i - 2 scrolls of fear
 q - 3 scrolls of enchant weapon
 s - 2 scrolls of fog
 t - 3 scrolls of poison
 H - a scroll of vulnerability
 I - 2 scrolls of immolation
 K - a scroll of magic mapping
 R - a scroll of silence
Potions
 b - 2 potions of attraction
 f - 4 potions of curing
 h - 3 potions of haste
 k - 3 potions of flight
 C - a potion of invisibility {unknown}
 G - a potion of berserk rage
 L - a potion of brilliance
 T - a potion of mutation


   Skills:
 * Level 13.7 Fighting
 + Level 7.0(11.2) Axes
 + Level 13.6(14.2) Maces & Flails
 + Level 1.6 Throwing
 + Level 10.9 Armour
 + Level 6.4 Dodging
 + Level 1.8 Stealth
 + Level 8.4 Shields
 + Level 1.0 Evocations


You had 11 spell levels left.
You didn't know any spells.
Your spell library contained the following spells:

 Spells                   Type           Power      Damage    Failure   Level
 Apportation              Tloc           0%         N/A       63%         1
 Freeze                   Ice            0%         1d3       63%         1
 Necrotise                Necr           0%         1d4       63%         1
 Poisonous Vapours        Pois/Air       0%         N/A       77%         2
 Scorch                   Fire           0%         2d5       77%         2
 Frozen Ramparts          Ice            0%         1d1       94%         3
 Corpse Rot               Necr/Pois/Air  0%         N/A       100%        4
 Flame Wave               Conj/Fire      0%         2d4       100%        4
 Hailstorm                Conj/Ice       0%         3d3       100%        4
 Alistair's Intoxication  Tmut/Pois      0%         N/A       100%        5
 Orb of Destruction       Conj           0%         9d5       100%        7
 Summon Small Mammal      Summ           Unusable   N/A       N/A         1
 Summon Guardian Golem    Hex/Summ       Unusable   N/A       N/A         3
 Summon Cactus Giant      Summ           Unusable   N/A       N/A         6
 Spellforged Servitor     Conj/Summ      Unusable   N/A       N/A         7

Dungeon Overview and Level Annotations

Branches:
Dungeon (11/15)            Temple (1/1) D:5            Lair (0/5) D:11
    Orc (2/2) D:9             Elf (0/3) Orc:2

Altars:
Ashenzari
Cheibriados
Dithmenos
Elyvilon
Fedhas
Gozag
Hepliaklqana
Kikubaaqudgha
Makhleb
Nemelex Xobeh
Okawaru
Qazlal
Ru
Sif Muna
Trog
Uskayaw
Vehumet
Wu Jian
Xom
Yredelemnul
Zin
The Shining One

Shops:
D:3 [   D:4 [*=(   Orc:2 ([(=(

Annotations:
D:3 2 transporters
D:6 3 runed translucent doors, Jingleheimer's ghost, novice DsFi; xian's ghost, novice DsEn


Innate Abilities, Weirdness & Mutations

You have a pair of horns on your head.
You reflexively headbutt those who attack you in melee.
You are resistant to electric shocks. (rElec)


Message History

The deep elf zephyrmancer blinks!
You thump the deep elf pyromancer! You headbutt the deep elf pyromancer.
The deep elf pyromancer is severely wounded.
The deep elf pyromancer gestures at you while chanting.
The bolt of fire hits you!
The deep elf zephyrmancer gestures wildly while chanting.
The deep elf zephyrmancer blinks!
Unknown command.
You sock the deep elf pyromancer!
You kill the deep elf pyromancer!
Okawaru accepts your kill. The fire elemental closely misses you.
Unknown command.
You sock the fire elemental!
The fire elemental is moderately damaged.
The fire elemental hits you. The fire elemental burns you!
* * * LOW HITPOINT WARNING * * *
The deep elf pyromancer is engulfed in blazing flames.
Unknown command.
You feel better.
You feel yourself speed up. The fire elemental barely misses you.
You furiously retaliate!
You headbutt the fire elemental.
The deep elf pyromancer is engulfed in blazing flames.
The deep elf pyromancer casts a spell.
The deep elf pyromancer blinks!
You block the fire elemental's attack.
You closely miss the fire elemental.
The fire elemental is moderately damaged.
The fire elemental hits you. The fire elemental burns you!
* * * LOW HITPOINT WARNING * * *
Unknown command.
You sock the fire elemental!
Your headbutt misses the fire elemental.
The fire elemental is severely damaged.
The fire elemental closely misses you.
You feel better. You block the fire elemental's attack.
The deep elf pyromancer gestures at you while chanting.
The bolt of fire hits the fire elemental.
The fire elemental completely resists.
The bolt of fire hits you!!!
You die...

.............## #..........##
..............## ####....##...
...............##########.....###
#........e..................#....
.......)..)...#########....####.
......).e.....# #....# ##
.......)...)..# ######
............e###################
.............°E@................
......#.########################
....§.#.. #........ ≈##~~e#..
~##≈~#


e You could see a deep elf pyromancer, a deep elf zephyrmancer and a fire
elemental (summoned).

Vanquished Creatures
  Saint Roka (Orc:1)
  5 two-headed ogres
  2 orc high priests (Orc:2)
  2 orc knights (Orc:2)
  A deep elf pyromancer (D:11)
  A wolf spider (D:9)
  A manticore (D:11)
  A cyclops (D:11)
  A kobold demonologist (D:10)
  4 trolls
  Prince Ribbit (D:6)
  6 wraiths
  11 yaks
  5 wyverns
  2 steam dragons
  4 wargs (Orc:2)
  An acid dragon (D:9)
  2 water moccasins
  30 orc warriors
  2 sky beasts
  5 ice beasts
  2 black bears
  5 ogres
  2 centaurs
  A phantom (D:5)
  2 kobold brigands
  4 necrophages
  A scorpion (D:4)
  9 wights (D:6)
  4 killer bees (D:9)
  3 howler monkeys (D:10)
  2 hounds
  A jelly (D:6)
  Crazy Yiuf (D:6)
  A gnoll bouda (D:5)
  18 orc priests
  Ijyb (D:4)
  2 iguanas (D:5)
  28 orc wizards
  9 adders
  17 gnolls
  2 white imps
  An ufetubus (D:5)
  4 worms
  2 dart slugs
  85 orcs
  6 bats
  3 endoplasms
  3 giant cockroaches
  7 goblins
  6 hobgoblins
  6 quokkas
  5 ball pythons
  2 frilled lizards
  19 kobolds
  9 rats
  A bush (D:1)
362 creatures vanquished.

Vanquished Creatures (others)
  6 fungi (D:1)
  6 plants (D:3)
  3 toadstools (D:1)
  5 withered plants (D:6)
20 creatures vanquished.

Grand Total: 382 creatures vanquished

Notes
Turn   | Place    | Note
-------+----------+-------------------------------------------
     0 | D:1      | Icepheonix32 the Minotaur Fighter began the quest for the
                  | Orb.
     0 | D:1      | Reached XP level 1. HP: 19/19 MP: 0/0
   266 | D:1      | Reached XP level 2. HP: 27/27 MP: 1/1
   996 | D:2      | Reached XP level 3. HP: 34/34 MP: 2/2
  1253 | D:2      | Found a faded altar of an unknown god.
  1752 | D:3      | Reached XP level 4. HP: 41/41 MP: 3/3
  1760 | D:3      | Found Taciathu's Armour Shoppe.
  1780 | D:3      | Reached skill level 5 in Fighting
  1862 | D:3      | Found a transporter.
  1866 | D:3      | Reached XP level 5. HP: 36/48 MP: 4/4
  1958 | D:3      | Found a blossoming altar of Fedhas.
  2035 | D:3      | Bought a +3 scale mail of poison resistance for 322 gold
                  | pieces
  2286 | D:3      | Found a transporter.
  2512 | D:4      | Found Vaosm's General Store.
  2521 | D:4      | Bought a potion of heal wounds for 60 gold pieces
  2545 | D:4      | Reached skill level 1 in Dodging
  2555 | D:4      | Found Murcheosk's Weapon Emporium.
  2583 | D:4      | Found a shadowy altar of Dithmenos.
  2598 | D:4      | Noticed Ijyb
  2607 | D:4      | Killed Ijyb
  2608 | D:4      | Reached XP level 6. HP: 55/56 MP: 5/5
  2879 | D:4      | Found Noametil's Jewellery Boutique.
  2937 | D:4      | Found a white marble altar of Elyvilon.
  3003 | D:4      | Found Plog's Antique Armour Emporium.
  3197 | D:5      | Entered Level 5 of the Dungeon
  3205 | D:5      | Reached skill level 5 in Axes
  3437 | D:5      | Reached skill level 5 in Armour
  3437 | D:5      | Reached XP level 7. HP: 44/62 MP: 6/6
  3852 | D:5      | Found a staircase to the Ecumenical Temple.
  3871 | D:5      | Found a shimmering altar of Xom.
  3905 | D:5      | Found an ornate altar of the Wu Jian Council.
  4141 | D:5      | Reached skill level 5 in Shields
  4484 | D:6      | Reached XP level 8. HP: 34/70 MP: 7/7
  4660 | D:6      | Found an ancient bone altar of Kikubaaqudgha.
  4899 | D:6      | Reached skill level 1 in Maces & Flails
  5112 | D:6      | Noticed Prince Ribbit
  5133 | D:6      | Killed Prince Ribbit
  5492 | D:6      | Reached XP level 9. HP: 79/79 MP: 8/8
  5510 | D:6      | Identified the +5 hammer of Othrakonn {flame, rPois rC+
                  | rN+}
  5524 | D:6      | Found a runed translucent door.
  5525 | D:6      | Noticed Crazy Yiuf
  5532 | D:6      | Killed Crazy Yiuf
  5538 | D:6      | Identified the +5 hammer "Lifebane" {elec, Will+ Int+3}
  5706 | D:6      | Found a runed translucent gate.
  5754 | D:6      | Found a runed translucent gate.
  5755 | D:6      | Found a runed translucent gate.
  5756 | D:6      | Noticed xian's ghost (novice DsEn)
  5757 | D:6      | Noticed Jingleheimer's ghost (novice DsFi)
  5802 | D:6      | Reached skill level 5 in Maces & Flails
  6242 | D:7      | Identified the +7 dagger of Dim Light {drain, Int+7}
  6733 | D:7      | Gained mutation: You are resistant to electric shocks.
                  | (rElec) [potion of mutation]
  7180 | D:8      | Found a glowing silver altar of Zin.
  7389 | D:8      | Reached XP level 10. HP: 90/90 MP: 9/9
  7974 | D:9      | Noticed a two-headed ogre
  7981 | D:9      | Killed a two-headed ogre
  8031 | D:9      | Found a staircase to the Orcish Mines.
  8297 | D:9      | Reached skill level 1 in Stealth
  8492 | D:9      | Noticed a two-headed ogre
  8498 | D:9      | Killed a two-headed ogre
  8499 | D:9      | Reached skill level 10 in Fighting
  8499 | D:9      | Reached skill level 10 in Maces & Flails
  8925 | D:4      | Bought a pair of embroidered gloves for 217 gold pieces
  9041 | D:10     | Entered Level 10 of the Dungeon
  9069 | D:10     | Reached skill level 10 in Armour
  9171 | D:10     | Noticed a two-headed ogre
  9176 | D:10     | Killed a two-headed ogre
  9196 | D:10     | Noticed a two-headed ogre
  9203 | D:10     | Killed a two-headed ogre
  9204 | D:10     | Reached XP level 11. HP: 87/101 MP: 10/10
  9947 | Orc:1    | Entered Level 1 of the Orcish Mines
  9948 | Orc:1    | Noticed Josephine
  9951 | Orc:1    | Noticed Josephine
  9951 | Orc:1    | Josephine changed into Josephine the wolf spider
  9960 | D:9      | Killed Josephine the wolf spider
 10211 | D:9      | Reached skill level 5 in Dodging
 10334 | Temple   | Entered the Ecumenical Temple
 10645 | Temple   | Became a worshipper of Warmaster Okawaru
 11547 | Orc:2    | Entered Level 2 of the Orcish Mines
 11547 | Orc:2    | Noticed an orc knight
 12001 | Orc:2    | Reached * piety under Okawaru
 12099 | Orc:2    | Killed an orc knight
 12295 | Orc:2    | Found a staircase to the Elven Halls.
 12372 | Orc:2    | Found Elautij's Jewellery Emporium.
 12380 | Orc:2    | Bought the amulet "Kaycotom" {Regen+ Slay+3} for 694 gold
                  | pieces
 12552 | Orc:2    | Noticed an orc high priest
 12554 | Orc:2    | Found Haaps's Antique Weapon Shoppe.
 12654 | Orc:2    | Killed an orc high priest
 12654 | Orc:2    | Reached ** piety under Okawaru
 12814 | Orc:2    | Noticed an orc knight
 12823 | Orc:2    | Noticed Saint Roka
 12824 | Orc:2    | Noticed an orc high priest
 12935 | Orc:2    | Killed an orc knight
 12936 | Orc:2    | Reached XP level 12. HP: 62/113 MP: 11/11
 13071 | Orc:1    | Killed Saint Roka
 13071 | Orc:1    | Reached *** piety under Okawaru
 13072 | Orc:1    | Reached skill level 1 in Throwing
 13181 | Orc:2    | Killed an orc high priest
 13246 | Orc:2    | Found Okeic's Antique Armour Shoppe.
 13252 | Orc:2    | Found Ytriunowk's Antique Weapon Emporium.
 13344 | Orc:2    | Found Qugac's Antique Weapon Boutique.
 13464 | D:11     | Reached **** piety under Okawaru
 13559 | D:11     | Found a staircase to the Lair.
 13710 | D:11     | Noticed a two-headed ogre
 13716 | D:11     | Killed a two-headed ogre
 13717 | D:11     | Reached skill level 1 in Evocations
 13788 | D:11     | Killed from afar by a deep elf pyromancer

Illustrated notes

Levels and vault maps discovered:
D:1:      dpeg_arrival_rooms_a, layout_loops_ring, minmay_misc_feat_square,
          minmay_door_square, minmay_hedge_maze, minmay_gold_behind_fungi
D:2:      layout_basic, basic_ecumenical_altar
D:3:      minmay_diamond_boxcup, layout_rooms, amcnicky_altar_gilded,
          gammafunk_ghost_gnarly_gnolls, serial_shops, nicolae_shop_crystal
D:4:      layout_gridville, mainiacjoe_overflow_chevrons,
          mainiacjoe_overflow_brackets, serial_shops, shop, shop_statue,
          nicolae_stop_n_shop_1, nicolae_shop_bloodbath_and_beyond,
          grunt_ministairs_10, uniq_ijyb
D:5:      layout_cave_pods, mainiacjoe_overflow_large_starburst,
          minmay_temple_entry_purple_smoke, minivault_14
D:6:      layout_cave_pools, lemuel_crystal_altar, gammafunk_ghost_cemetery,
          chequers_serial_rivers_marsh, minmay_misc_feat_tower, moated_statue,
          corexii_shack, kennysheep_potato, uniq_prince_ribbit1,
          uniq_crazy_yiuf_cottage
D:7:      layout_basic
D:8:      layout_basic, mainiacjoe_overflow_boulevard
D:9:      layout_rooms, minmay_orc_entry_temple_small
D:10:     layout_roguey
D:11:     layout_rooms, lair_entry_dummy, elves_outpost_lemuel
Temple:   regret_index_temple_generic_petals
Orc:1:    layout_diamond_mine, uniq_josephine
Orc:2:    grunt_orc_community_town_hall, layout_caves,
          grunt_orc_community_big_house_1, grunt_orc_community_big_house_1,
          grunt_orc_community_house_1, grunt_orc_community_house_3,
          grunt_orc_community_house_2, grunt_orc_community_house_1,
          serial_shops, nicolae_shop_behind_doors

Skill      XL: |  1  2  3  4  5  6  7  8  9 10 11 12 |
---------------+-------------------------------------+-----
Fighting       | 4 5 6 7 8 10 12 13 | 13.7
Shields        | 4 5 6 7 8 |  8.4
Armour         | 4 5 6 8 9 10 | 10.9
Axes           | 3 4 6 7 |  7.0
Dodging        | 1 2 3 4 5 6 |  6.4
Maces & Flails | 4 8 11 12 13 | 13.6
Stealth        | 1 |  1.8
Throwing       | 1 |  1.6
Evocations     | 1 |  1.0

Action                   |  1- 3 |  4- 6 |  7- 9 | 10-12 || total
-------------------------+-------+-------+-------+-------++-------
Melee: War axe           |   158 |   111 |    62 |       ||   331
       Headbutt          |    37 |    21 |    45 |   111 ||   214
       Flail             |       |       |    46 |       ||    46
       Mace              |       |       |   115 |   483 ||   598
Throw: Dart              |       |     3 |     4 |    12 ||    19
Invok: Heroism           |       |       |       |     3 ||     3
Evoke: Wand              |       |     1 |     1 |     4 ||     6
  Use: Scroll            |     1 |     3 |    13 |     7 ||    24
       Potion            |       |       |     4 |    10 ||    14
Armor: Scale mail        |    48 |    80 |   106 |   243 ||   477
Dodge: Dodged            |    44 |    55 |   117 |   236 ||   452
Block: Buckler           |    19 |    38 |    38 |   137 ||   232
